 Dungeon Crawl Stone Soup version 0.30-a0-528-g8c47a4955b (webtiles) character file.

Game seed: 18047512091201058688

102 kae the Firebug (level 4, -5/24 HPs)
             Began as a Tengu Fire Elementalist on Dec 23, 2022.
             Slain by Sigmund
             ... wielding a +8 scythe of venom
              (17 damage)
             ... on level 3 of the Dungeon.
             The game lasted 00:02:37 (2367 turns).

kae the Firebug (Tengu Fire Elementalist)           Turns: 2367, Time: 00:02:38

Health: -5/24      AC:  3    Str:  8    XL:     4   Next: 78%
Magic:  7/8        EV: 12    Int: 17    God:
Gold:   174        SH:  0    Dex: 15    Spells: 2/8 levels left

rFire   + . .      SeeInvis .    n - +1 dagger
rCold   x . .      Faith    .    (no shield)
rNeg    . . .      Spirit   .    a - +0 robe
rPois   .          Reflect  .    (helmet restricted)
rElec   .          Harm     .    l - +0 cloak
rCorr   .          Rampage  .    (no gloves)
Will    .....                    (boots unavailable)
Stlth   ++                       (no amulet)
HPRegen 0.24/turn                F - ring of fire
MPRegen 0.11/turn                (no ring)

@: on berserk cooldown, slowed, very slow
A: beak, talons 3
a: no special abilities


You were on level 3 of the Dungeon.
You visited 1 branch of the dungeon, and saw 3 of its levels.

You collected 174 gold pieces.


Innate Abilities, Weirdness & Mutations

You have a beak for a mouth.
You have claws for feet.


   Skills:
 - Level 2.1 Dodging
 - Level 2.0 Stealth
 + Level 2.6 Spellcasting
 * Level 3.7 Conjurations
 * Level 4.5 Fire Magic


You had 2 spell levels left.
You knew the following spells:

 Your Spells              Type           Power      Damage    Failure   Level
a - Foxfire               Conj/Fire      96%        2x1d8     3%          1
b - Scorch                Fire           52%        2d8       4%          2
c - Inner Flame           Hex/Fire       14%        N/A       22%         3

Your spell library contained the following spells:

 Spells                   Type           Power      Damage    Failure   Level
 Kindle Blastsparks       Fire/Tloc/Air  22%        2d11      30%         3
 Flame Wave               Conj/Fire      24%        2d8       32%         4

Inventory:

Hand Weapons
 n - a +1 dagger (weapon)
   (You took it off Jessica on level 2 of the Dungeon)
Missiles
 c - 4 boomerangs
 h - 23 stones
Armour
 a - a +0 robe (worn)
 l - a +0 cloak (worn)
   (You found it on level 1 of the Dungeon)
Magical Staves
 k - a staff of death {!a}
   (You found it on level 3 of the Dungeon)
Jewellery
 F - a ring of fire (left hand)
   (You found it on level 1 of the Dungeon)
 O - a +4 ring of protection
   (You found it on level 3 of the Dungeon)
Wands
 g - a wand of iceblast (6)
   (You found it on level 1 of the Dungeon)
 j - a wand of digging (8)
   (You found it on level 2 of the Dungeon)
 m - a wand of flame (12)
   (You took it off Jessica on level 2 of the Dungeon)
Scrolls
 f - 2 scrolls of identify {@r1}
Potions
 b - 2 potions of magic
 i - 2 potions of heal wounds {@q2}

Dungeon Overview and Level Annotations

Branches:
Dungeon (3/15) Zot: 15624

Altars:

Shops:
D:1 :

Annotations:
D:2 1 runed translucent door, Crazy Yiuf
D:3 Ijyb, Sigmund

#.##.)..........#
#.##............#
#.##............#
#.##............#
#.........†.....####.
######...........'....
..................####
#...............v.###
#......^.......@v...#
#........##########.#
#........#
#....#.####.#
#.....K..#
#.#..#......#
#........#
#.##.#..#####.#
........# #.......#
#.# ......! ####.##.#
#.# #.##.# #.# #.##.#
#.#


There were no monsters in sight!


Message History

Confirm with . or Enter, or press ? or * to list all spells.
You feel a surge of power!
You conjure some foxfire!
The foxfire hits the endoplasm.
The endoplasm quivers.
The foxfire hits the endoplasm!
You kill the endoplasm!
Sigmund the Dreaded comes into view.
He is wielding a +8 scythe of venom and wearing a +2 robe of fire resistance.
You see here 2 poisoned darts. 😎 MP[-1]
You lost 1 mp, and now have 6/8 mp.
Casting: Foxfire (safe; 3% risk of failure)
Confirm with . or Enter, or press ? or * to list all spells.
You feel a surge of power!
You conjure some foxfire!
Sigmund shouts! 😎 MP[-1]
You lost 1 mp, and now have 5/8 mp.
Sigmund is nearby!
Sigmund is nearby!
Unknown command.
Unknown command. 😎 MP[+1] Sigmund points at you and mumbles some strange words.
You are confused.
Unknown command.
A centaur comes into view.
Sigmund gestures at you while chanting. The magic dart hits you.
The centaur shouts! 😕 HP[-3]
You take 3 damage, and now have 21/24 hp.
It was a potion of berserk rage.
A red film seems to cover your vision as you go berserk!
You feel yourself moving faster!
You feel mighty! Sigmund casts a spell at you.
You resist with some effort. 😕 HP[+11]
You now have 36 max hp (+12).
You regained 11 hp, and now have 32/36 hp.
You feel a strong urge to attack something.
The centaur wields a +0 shortbow.
The centaur shoots an arrow.
The arrow closely misses you.
You bump into the rock wall.
You're too confused to move!
You feel your anger nearly subside.
You feel less confused.
The centaur shoots an arrow.
The arrow hits you. 😮 HP[-6]
You take 6 damage, and now have 26/36 hp.
You are no longer berserk.
You are exhausted.
You feel yourself slow down.
The centaur shoots an arrow.
The arrow barely misses you. 😮 HP[-9]
You now have 24 max hp (-12).
Unknown command.
Okay, then.
As you read the scroll of fear, it crumbles to dust.
You assume a fearsome visage.
Sigmund looks frightened!
The centaur looks frightened!
Sigmund gestures wildly while chanting.
Sigmund flickers and vanishes!
Deactivating autopickup; reactivate with Ctrl-A. 😮 HP[+1] 😮 MP[+1] 😕 HP[+1]
A kobold comes into view.
It is wielding a +0 rapier. 😕 HP[+2] MP[+1]
You regained 2 hp, and now have 21/24 hp.
Your mp is fully restored (8).
The kobold shouts!
You hear a shout! x3 😕 HP[+1]
The kobold drinks a potion.
The kobold flickers and vanishes!
Something hits you!
You are poisoned. 😮 HP[-7]
You take 7 damage, and now have 15/24 hp.
MASSIVE DAMAGE!! (PAUSE)
You feel very sick.
A magic dart appears from out of thin air!
The magic dart hits you.
* * * LOW HITPOINT WARNING * * *
😨 HP[-8]
You take 8 damage, and now have 7/24 hp.
MASSIVE DAMAGE!! (PAUSE) Unknown command.
Okay, then.
You feel better.
You hear some strange, mumbled words. 😮 HP[+9]
You regained 9 hp, and now have 16/24 hp.
Casting: Foxfire (safe; 3% risk of failure)
Confirm with . or Enter, or press ? or * to list all spells.
You can't see any susceptible monsters within range! (Use Z to cast anyway.)
Casting: Foxfire (safe; 3% risk of failure)
Confirm with . or Enter, or press ? or * to list all spells.
You feel a surge of power!
You conjure some foxfire!
Something hits you.
* * * LOW HITPOINT WARNING * * *
Something hits you!
Ouch! That really hurt!
You die...

Skill      XL: |  1  2  3 |
---------------+----------+-----
Conjurations   | 2 3 |  3.7
Fire Magic     | 4 |  4.5
Dodging        | |  2.1
Stealth        | |  2.0
Spellcasting   | |  2.6

Action                   |  1- 3 |  4- 6 || total
-------------------------+-------+-------++-------
Melee: Unarmed           |     3 |       ||     3
       Kick              |     1 |       ||     1
       Dagger            |       |     1 ||     1
 Cast: Foxfire           |    63 |    27 ||    90
       Scorch            |     1 |     1 ||     2
  Use: Scroll            |     6 |     6 ||    12
       Potion            |       |     2 ||     2
 Stab: Sleeping          |       |     1 ||     1
Armor: Robe              |       |     1 ||     1
Dodge: Dodged            |    11 |     5 ||    16

Levels and vault maps discovered:
D:1:      dpeg_arrival_rhombus, layout_rooms,
          hellmonk_ecumenical_altar_lost_god, serial_shops, nicolae_shop_stone,
          minmay_bisected
D:2:      layout_loops_ring, roderic_roman_lattice, uniq_jessica,
          uniq_crazy_yiuf_cottage
D:3:      layout_basic, kennysheep_orc_chapel, uniq_sigmund, uniq_robin,
          uniq_ijyb

Notes
Turn   | Place    | Note
-------+----------+-------------------------------------------
     0 | D:1      | kae the Tengu Fire Elementalist began the quest for the
                  | Orb.
     0 | D:1      | Reached XP level 1. HP: 10/10 MP: 4/4
     0 | D:1      | magus.rc [v1.11.3]
   138 | D:1      | Reached skill level 2 in Conjurations
   138 | D:1      | Reached XP level 2. HP: 15/15 MP: 3/6
   141 | D:1      | Learned a level 2 spell: Scorch
   266 | D:1      | Found a faded altar of an unknown god.
   477 | D:1      | Reached XP level 3. HP: 19/19 MP: 5/7
   481 | D:1      | Learned a level 3 spell: Inner Flame
   503 | D:1      | Found Plog's Book Emporium.
   853 | D:2      | Reached skill level 4 in Fire Magic
   978 | D:2      | Reached skill level 3 in Conjurations
  1081 | D:2      | Noticed Jessica
  1111 | D:2      | Killed Jessica
  1112 | D:2      | Reached XP level 4. HP: 20/24 MP: 1/8
  1332 | D:2      | Found a runed translucent door.
  1333 | D:2      | Noticed Crazy Yiuf
  2052 | D:3      | Noticed Ijyb
  2067 | D:3      | HP: 3/24 [Ijyb/iceblast (21)]
  2338 | D:3      | Noticed Sigmund
  2344 | D:3      | Noticed a centaur
  2367 | D:3      | Slain by Sigmund

Vanquished Creatures
  Jessica (D:2)
  2 adders (D:2)
  2 dart slugs
  3 bats
  7 endoplasms
  3 giant cockroaches
  3 goblins
  3 hobgoblins
  7 jackals
  2 kobolds
  3 quokkas
  4 ball pythons
  2 frilled lizards
  6 rats
48 creatures vanquished.

Vanquished Creatures (others)
  149 foxfires
149 creatures vanquished.

Grand Total: 197 creatures vanquished

Table legend:
 A = Non-vault XP
 B = Vault XP
 C = Vault XP percentage of total XP
 D = Non-vault monster count
 E = Vault monster count
 F = Vault count percentage of total count
                 A         B        C        D         E       F
            +---------+---------+-------+---------+---------+-------
      Total |     105 |      42 |  28.6 |      44 |       4 |   8.3
            +---------+---------+-------+---------+---------+-------
        D:1 |      36 |       5 |  12.2 |      19 |       3 |  13.6
        D:2 |      59 |      37 |  38.5 |      19 |       1 |   5.0
        D:3 |      10 |       0 |   0.0 |       6 |       0 |   0.0
            +---------+---------+-------+---------+---------+-------

Illustrated notes

Table legend:
 A = Kills in this place as a percentage of kills in entire the game.
 B = Kills by you in this place as a percentage of kills by you in the entire game.
 C = Kills by friends in this place as a percentage of kills by friends in the entire game.
 D = Other kills in this place as a percentage of other kills in the entire game.
 E = Experience gained in this place as a percentage of experience gained in the entire game.
 F = Experience gained in this place divided by the number of levels of this place that you have seen.
                   A       B       C       D       E      F
               +-------+-------+-------+-------+-------+----------------------
         Total | 100.0 | 100.0 |   N/A |   N/A | 100.0 |  49.0
       Dungeon | 100.0 | 100.0 |   N/A |   N/A | 100.0 |  49.0
               +-------+-------+-------+-------+-------+----------------------

Table legend: (Time is in decaauts)
 A = Elapsed time spent in this place.
 B = Non-inter-level travel time spent in this place.
 C = Inter-level travel time spent in this place.
 D = Time resting spent in this place.
 E = Time spent auto-exploring this place.
 F = Levels seen in this place.
 G = Mean time per level.
                   A        B        C        D        E       F      G
               +--------+--------+--------+--------+--------+-----+--------+
         Total |   2373 |   2274 |     99 |    213 |   1698 |   3 |  791.0 |
       Dungeon |   2373 |   2274 |     99 |    213 |   1698 |   3 |  791.0 |
               +--------+--------+--------+--------+--------+-----+--------+

Top non-repeatable levels by time:
     D:2: 1189 daAuts
     D:1: 846 daAuts
     D:3: 338 daAuts
